MWL (24 & UNDER)
PLUMSTEAD EAGLES @ BARRY'S BAY ORIOLES
04/13/2028
 
TOP OF THE 1ST
Plumstead Eagles batting - Pitching for Barry's Bay Orioles : LHP Bernardo Valero
Pitching: LHP Bernardo Valero
Batting: RHB Allen Hobbs 0-0: Called Strike
0-1: Swinging Strike
0-2: Ball
1-2: Ball
2-2: Foul Ball, location: 2F
2-2: Foul Ball, location: 2F
2-2: SINGLE (Groundball, 34D)
Batting: LHB Arturo Álvarez 0-0: Foul Ball, location: 2F
0-1: Foul Ball, location: 2F
0-2: Ball
1-2: Ball
2-2: Ball
3-2: Strikes out looking
Batting: RHB José Ortega 0-0: Ball
1-0: Fly out, F6 (Line Drive, 6)
Batting: RHB Matt Thompson 0-0: Called Strike
Allen Hobbs steals 2nd base
0-1: Ball
1-1: Swinging Strike
1-2: Ball
2-2: Ball
3-2: SINGLE (Flyball, 8RS)
Allen Hobbs to third
Allen Hobbs scores
Batting: LHB Dennis McConnell 0-0: Ball
1-0: Foul Ball, location: 2F
1-1: Swinging Strike
1-2: Ball
Matt Thompson is caught stealing 2nd base
Top of the 1st over - 1 run(s), 2 hit(s), 0 error(s), 0 left on base; Plumstead 1 - Barry's Bay 0
BOTTOM OF THE 1ST
Barry's Bay Orioles batting - Pitching for Plumstead Eagles : LHP Joe Cates
Pitching: LHP Joe Cates
Batting: RHB Lee Scott 0-0: Called Strike
0-1: Ball
1-1: Swinging Strike
1-2: Ball
2-2: Foul Ball, location: 2F
2-2: Foul Ball, location: 2F
2-2: Strikes out swinging
Batting: LHB Ryan Rheaume 0-0: Swinging Strike
0-1: Called Strike
0-2: Strikes out swinging
Batting: SHB Emílio Calvillo 0-0: Ball
1-0: Ball
2-0: Swinging Strike
2-1: SINGLE (Groundball, 4MD)
Batting: RHB Lorenzo Silva 0-0: Called Strike
0-1: Ball
1-1: Foul Ball, location: 2F
1-2: Strikes out swinging
Bottom of the 1st over - 0 run(s), 1 hit(s), 0 error(s), 1 left on base; Plumstead 1 - Barry's Bay 0
TOP OF THE 2ND
Plumstead Eagles batting - Pitching for Barry's Bay Orioles : LHP Bernardo Valero
Batting: LHB Dennis McConnell 0-0: Ball
1-0: SINGLE (Flyball, 7LS)
Batting: RHB Kolomon Meise 0-0: Ball
1-0: Ball
2-0: Foul Ball, location: 2F
2-1: Ball
3-1: Called Strike
3-2: Foul Ball, location: 2F
3-2: Fly out, F7 (Flyball, 7LS)
Batting: RHB José Moreno 0-0: Called Strike
0-1: Foul Ball, location: 2F
0-2: Strikes out swinging
Batting: RHB Howard Johnson 0-0: Ball
1-0: Ball
2-0: Ball
3-0: Called Strike
3-1: Called Strike
3-2: Foul Ball, location: 2F
3-2: Base on Balls
Dennis McConnell to second
Batting: LHB Ryan Flynn 0-0: Ball
1-0: Called Strike
1-1: Ball
2-1: Foul Ball, location: 2F
2-2: Strikes out swinging
Top of the 2nd over - 0 run(s), 1 hit(s), 0 error(s), 2 left on base; Plumstead 1 - Barry's Bay 0
BOTTOM OF THE 2ND
Barry's Bay Orioles batting - Pitching for Plumstead Eagles : LHP Joe Cates
Batting: LHB Will Elliott 0-0: Fly out, F7 (Flyball, 7S)
Batting: RHB Guy Morrison 0-0: Ball
1-0: Called Strike
1-1: Ball
2-1: Ball
3-1: Base on Balls
Batting: RHB Jake Erickson Pickoff Throw to First - Out!
0-0: DOUBLE (Line Drive, 89XD)
Batting: RHB Bill Pike 0-0: Ball
1-0: Ground out 5-3 (Groundball, 56S)
Bottom of the 2nd over - 0 run(s), 1 hit(s), 0 error(s), 1 left on base; Plumstead 1 - Barry's Bay 0
TOP OF THE 3RD
Plumstead Eagles batting - Pitching for Barry's Bay Orioles : LHP Bernardo Valero
Batting: RHB Allen Hobbs 0-0: SINGLE (Groundball, 56S) (infield hit)
Batting: LHB Arturo Álvarez 0-0: Ball
Allen Hobbs steals 2nd base
1-0: TRIPLE (Flyball, 8RXD)
Allen Hobbs scores
Batting: RHB José Ortega 0-0: Ball
1-0: Ball
2-0: Ball
3-0: Base on Balls
Batting: RHB Matt Thompson 0-0: Called Strike
0-1: Ball
1-1: Ball
2-1: Ball
3-1: Base on Balls
José Ortega to second
Batting: LHB Dennis McConnell 0-0: Called Strike
0-1: DOUBLE (Groundball, 3L)
Arturo Álvarez scores
José Ortega scores
Matt Thompson to third
Runner from 3rd tries for Home, SAFE, no throw
Batting: RHB Kolomon Meise 0-0: Called Strike
0-1: Ball
1-1: Ball
2-1: Swinging Strike
2-2: Foul Ball, location: 2F
2-2: Strikes out swinging
Pitching: RHP A.J. Martin
Batting: RHB José Moreno 0-0: Reached on error, E4 (Groundball, 4M)
Dennis McConnell to third
Batting: RHB Howard Johnson 0-0: Swinging Strike
0-1: Foul Ball, location: 2F
0-2: Ball
1-2: Fielders Choice at 2nd, 1-6 (Groundball, 13)
Batting: LHB Ryan Flynn 0-0: Ball
1-0: Fielders Choice at 2nd, 4-6 (Groundball, 4)
Top of the 3rd over - 4 run(s), 3 hit(s), 1 error(s), 1 left on base; Plumstead 5 - Barry's Bay 0
BOTTOM OF THE 3RD
Barry's Bay Orioles batting - Pitching for Plumstead Eagles : LHP Joe Cates
Batting: LHB Rodney Harrison 0-0: Ground out 4-3 (Groundball, 4)
Batting: RHB Lee Scott 0-0: Foul Ball, location: 2F
0-1: Swinging Strike
0-2: Ball
1-2: Strikes out swinging
Batting: LHB Ryan Rheaume 0-0: Foul Ball, location: 2F
0-1: Ball
1-1: Ball
2-1: TRIPLE (Flyball, 9LM)
Batting: SHB Emílio Calvillo 0-0: Ground out 1-3 (Groundball, 15S)
Bottom of the 3rd over - 0 run(s), 1 hit(s), 0 error(s), 1 left on base; Plumstead 5 - Barry's Bay 0
TOP OF THE 4TH
Plumstead Eagles batting - Pitching for Barry's Bay Orioles : RHP A.J. Martin
Batting: RHB Allen Hobbs 0-0: Swinging Strike
0-1: Ball
1-1: Swinging Strike
1-2: Ball
2-2: DOUBLE (Flyball, 78D)
Batting: LHB Arturo Álvarez 0-0: Ball
1-0: Fly out, F6 (Popup, 6D)
Batting: RHB José Ortega 0-0: Fly out, F9 (Flyball, 9S)
Batting: RHB Matt Thompson 0-0: Called Strike
0-1: Swinging Strike
0-2: Strikes out looking
Top of the 4th over - 0 run(s), 1 hit(s), 0 error(s), 1 left on base; Plumstead 5 - Barry's Bay 0
BOTTOM OF THE 4TH
Barry's Bay Orioles batting - Pitching for Plumstead Eagles : LHP Joe Cates
Batting: RHB Lorenzo Silva 0-0: Ball
1-0: Swinging Strike
1-1: DOUBLE (Line Drive, 7LM)
Batting: LHB Will Elliott 0-0: Ball
1-0: Fly out, F8 (Flyball, 8RM)
Batting: RHB Guy Morrison 0-0: Called Strike
0-1: Ball
1-1: Foul Ball, location: 2F
1-2: Ball
2-2: Ground out 6-3 (Groundball, 6)
Batting: RHB Jake Erickson 0-0: Ball
1-0: Called Strike
1-1: TRIPLE (Flyball, 9LM)
Lorenzo Silva scores
Batting: RHB Bill Pike 0-0: Called Strike
0-1: DOUBLE (Line Drive, 8LD)
Jake Erickson scores
Batting: LHB Rodney Harrison 0-0: Ball
1-0: Ball
2-0: DOUBLE (Line Drive, 9LM)
Bill Pike scores
Batting: RHB Lee Scott 0-0: Swinging Strike
0-1: Foul Ball, location: 2F
0-2: Strikes out swinging
Bottom of the 4th over - 3 run(s), 4 hit(s), 0 error(s), 1 left on base; Plumstead 5 - Barry's Bay 3
TOP OF THE 5TH
Plumstead Eagles batting - Pitching for Barry's Bay Orioles : RHP A.J. Martin
Batting: LHB Dennis McConnell 0-0: Called Strike
0-1: Ball
1-1: Called Strike
1-2: Ball
2-2: Ball
3-2: Base on Balls
Batting: RHB Kolomon Meise 0-0: Called Strike
0-1: Ball
1-1: Ball
2-1: Foul Ball, location: 2F
2-2: Strikes out swinging
Batting: RHB José Moreno 0-0: Ball
1-0: Called Strike
Dennis McConnell is caught stealing 2nd base
1-1: Ground out 3-1 (Groundball, 34S)
Top of the 5th over - 0 run(s), 0 hit(s), 0 error(s), 0 left on base; Plumstead 5 - Barry's Bay 3
BOTTOM OF THE 5TH
Barry's Bay Orioles batting - Pitching for Plumstead Eagles : LHP Joe Cates
Batting: LHB Ryan Rheaume 0-0: Ball
1-0: Ball
2-0: Foul Ball, location: 2F
2-1: Foul Ball, location: 2F
2-2: SINGLE (Groundball, 56S) (infield hit)
Batting: SHB Emílio Calvillo 0-0: Called Strike
0-1: Foul Ball, location: 2F
0-2: Ball
1-2: Fly out, F6 (Popup, 6D)
Batting: RHB Lorenzo Silva 0-0: Ball
1-0: Ball
2-0: Called Strike
2-1: Ball
3-1: Called Strike
3-2: SINGLE (Groundball, 56D)
Ryan Rheaume to second
Batting: LHB Will Elliott 0-0: Ball
1-0: Foul Ball, location: 2F
1-1: Ball
2-1: Called Strike
2-2: Strikes out swinging
Pitching: RHP Paul Orr
Batting: RHB Guy Morrison 0-0: Swinging Strike
0-1: Ball
1-1: Foul Ball, location: 2F
1-2: Ball
2-2: SINGLE (Groundball, 56D)
Ryan Rheaume to third
Lorenzo Silva to second
Throwing error, E7
Ryan Rheaume scores
Lorenzo Silva to third
Guy Morrison to second
Batting: RHB Jake Erickson 0-0: Foul Ball, location: 2F
0-1: Ball
1-1: Ball
2-1: Swinging Strike
2-2: Strikes out swinging
Bottom of the 5th over - 1 run(s), 3 hit(s), 1 error(s), 2 left on base; Plumstead 5 - Barry's Bay 4
TOP OF THE 6TH
Plumstead Eagles batting - Pitching for Barry's Bay Orioles : RHP A.J. Martin
Batting: RHB Howard Johnson 0-0: Ball
1-0: Foul Ball, location: 2F
1-1: Swinging Strike
1-2: Foul Ball, location: 2F
1-2: Strikes out swinging
Batting: LHB Ryan Flynn 0-0: Called Strike
0-1: Foul Ball, location: 2F
0-2: Strikes out swinging
Batting: RHB Allen Hobbs 0-0: Ball
1-0: Ball
2-0: Called Strike
2-1: Swinging Strike
2-2: Foul Ball, location: 2F
2-2: SINGLE (Groundball, 56D)
Pitching: RHP Ralph Marks
Batting: LHB Arturo Álvarez 0-0: Ball
Allen Hobbs is caught stealing 2nd base
Top of the 6th over - 0 run(s), 1 hit(s), 0 error(s), 0 left on base; Plumstead 5 - Barry's Bay 4
BOTTOM OF THE 6TH
Barry's Bay Orioles batting - Pitching for Plumstead Eagles : RHP Paul Orr
Batting: RHB Bill Pike 0-0: Called Strike
0-1: Ball
1-1: Ball
2-1: Foul Ball, location: 2F
2-2: Ball
3-2: Strikes out looking
Batting: LHB Rodney Harrison 0-0: Swinging Strike
0-1: Ball
1-1: Swinging Strike
1-2: Strikes out swinging
Batting: RHB Lee Scott 0-0: Ball
1-0: Ball
2-0: Ball
3-0: Base on Balls
Batting: LHB Ryan Rheaume 0-0: Ball
1-0: Ground out 6-3 (Groundball, 56)
Bottom of the 6th over - 0 run(s), 0 hit(s), 0 error(s), 1 left on base; Plumstead 5 - Barry's Bay 4
TOP OF THE 7TH
Plumstead Eagles batting - Pitching for Barry's Bay Orioles : RHP Ralph Marks
Batting: LHB Arturo Álvarez 0-0: Called Strike
0-1: Foul Ball, location: 2F
0-2: Ball
1-2: Ball
2-2: Ground out 4-3 (Groundball, 4)
Batting: RHB José Ortega 0-0: Fly out, F7 (Flyball, 7S)
Batting: RHB Matt Thompson 0-0: Ball
1-0: Ball
2-0: Ball
3-0: Base on Balls
Batting: LHB Dennis McConnell 0-0: Called Strike
Balk!
Matt Thompson to second
0-1: Called Strike
0-2: Ball
1-2: Ball
2-2: Foul Ball, location: 2F
2-2: Strikes out swinging
Top of the 7th over - 0 run(s), 0 hit(s), 0 error(s), 1 left on base; Plumstead 5 - Barry's Bay 4
BOTTOM OF THE 7TH
Barry's Bay Orioles batting - Pitching for Plumstead Eagles : RHP Paul Orr
Batting: SHB Emílio Calvillo 0-0: Ball
1-0: Swinging Strike
1-1: Ball
2-1: Foul Ball, location: 2F
2-2: Ball
3-2: Foul Ball, location: 2F
3-2: SINGLE (Groundball, 6MD)
Batting: RHB Lorenzo Silva 0-0: Called Strike
0-1: SINGLE (Line Drive, 78S)
Emílio Calvillo to second
Batting: LHB Will Elliott 0-0: Foul Ball, location: 2F
0-1: 3-RUN HOME RUN (Flyball, 9LD), Distance : 323 ft
Batting: RHB Guy Morrison 0-0: Ball
1-0: Called Strike
1-1: Ball
2-1: Called Strike
2-2: Ball
3-2: Foul Ball, location: 2F
3-2: Foul Ball, location: 2F
3-2: Foul Ball, location: 2F
3-2: Reached on error, E5 (Groundball, 56)
Batting: RHB Jake Erickson 0-0: Intentional Walk
Batting: RHB Bill Pike 0-0: Ball
1-0: Ball
2-0: Ball
3-0: Base on Balls
Guy Morrison to third
Jake Erickson to second
Batting: LHB Rodney Harrison 0-0: Called Strike
0-1: Ball
1-1: Foul Ball, location: 2F
1-2: Fly out, F7 (Flyball, 78S)
Runner from 3rd tags up, SCORES, no throw
Pitching: LHP Jorge Torres
Batting: RHB Lee Scott 0-0: Ball
1-0: DOUBLE (Flyball, 7)
Jake Erickson scores
Bill Pike to third
Batting: LHB Ryan Rheaume 0-0: Foul Ball, location: 2F
0-1: Ground out 3-1 (Groundball, 34)
Bill Pike scores
Lee Scott to third
Batting: SHB Emílio Calvillo 0-0: Foul Ball, location: 2F
0-1: Ball
1-1: Ball
2-1: Foul Ball, location: 2F
2-2: Ball
3-2: Foul Ball, location: 2F
3-2: Strikes out swinging
Bottom of the 7th over - 6 run(s), 4 hit(s), 1 error(s), 1 left on base; Plumstead 5 - Barry's Bay 10
TOP OF THE 8TH
Plumstead Eagles batting - Pitching for Barry's Bay Orioles : RHP Ralph Marks
Batting: RHB Kolomon Meise 0-0: Ball
1-0: Ball
2-0: Ball
3-0: Swinging Strike
3-1: Called Strike
3-2: Strikes out swinging
Batting: RHB José Moreno 0-0: Swinging Strike
0-1: Swinging Strike
0-2: Foul Ball, location: 2F
0-2: Foul Ball, location: 2F
0-2: Strikes out swinging
Batting: RHB Howard Johnson 0-0: Ball
1-0: Ball
2-0: Called Strike
2-1: Ball
3-1: Foul Ball, location: 2F
3-2: Base on Balls
Batting: LHB Ryan Flynn 0-0: Ground out 3-1 (Groundball, 34S)
Top of the 8th over - 0 run(s), 0 hit(s), 0 error(s), 1 left on base; Plumstead 5 - Barry's Bay 10
BOTTOM OF THE 8TH
Barry's Bay Orioles batting - Pitching for Plumstead Eagles : LHP Jorge Torres
Batting: RHB Lorenzo Silva 0-0: Ground out 4-3 (Groundball, 4M)
Batting: LHB Will Elliott 0-0: Called Strike
0-1: Ball
1-1: Foul Ball, location: 2F
1-2: Foul Ball, location: 2F
1-2: Strikes out swinging
Batting: RHB Guy Morrison 0-0: Ball
1-0: Called Strike
1-1: Swinging Strike
1-2: Strikes out swinging
Bottom of the 8th over - 0 run(s), 0 hit(s), 0 error(s), 0 left on base; Plumstead 5 - Barry's Bay 10
TOP OF THE 9TH
Plumstead Eagles batting - Pitching for Barry's Bay Orioles : RHP Ralph Marks
Now at 3B: Manny Gutiérrez
Batting: RHB Allen Hobbs 0-0: Called Strike
0-1: Swinging Strike
0-2: Strikes out swinging
Batting: LHB Arturo Álvarez 0-0: Foul Ball, location: 2F
0-1: Foul Ball, location: 2F
0-2: Ball
1-2: Foul Ball, location: 2F
1-2: Strikes out looking
Pitching: RHP Félix González
Batting: RHB José Ortega 0-0: Foul Ball, location: 2F
0-1: Foul Ball, location: 2F
0-2: Strikes out looking
Top of the 9th over - 0 run(s), 0 hit(s), 0 error(s), 0 left on base; Plumstead 5 - Barry's Bay 10
Tuesday, August 8th, 2017 - OOTP Baseball 17.12 Build 75